 Dungeon Crawl Stone Soup version 0.20.2-3-g29329e0561 (webtiles) character file.

2524 Alfie the Slicer (level 9, -4/78 HPs)
             Began as a Hill Orc Fighter on July 19, 2023.
             Splashed by a jelly's acid (10 damage)
             ... on level 7 of the Dungeon.
             The game lasted 00:12:58 (4094 turns).

Alfie the Slicer (Hill Orc Fighter)                 Turns: 4094, Time: 00:13:00

Health: -4/78      AC:  9    Str: 21    XL:     9   Next: 54%
Magic:  9/9        EV:  9    Int:  9    God:
Gold:   298        SH: 11    Dex: 10    Spells: 4/8 levels left

rFire    . . .     SeeInvis .   a - +3 rapier
rCold    . . .     Gourm    .   c - +1 shield
rNeg     . . .     Faith    .   b - +2 scale mail
rPois    .         Spirit   .   (no helmet)
rElec    .         Reflect  .   (no cloak)
rCorr    .         Harm     .   (no gloves)
MR       .....                  (no boots)
Stlth    ..........             (no amulet)
Regen    0.3/turn               (no ring)
MPRegen  0.2/turn               (no ring)

@: no status effects
A: no striking features
a: no special abilities


You were on level 7 of the Dungeon.
You were not hungry.

You visited 1 branch of the dungeon, and saw 7 of its levels.

You collected 368 gold pieces.
You spent 70 gold pieces at shops.

Inventory:

Hand Weapons
 a - a +3 rapier (weapon)
Missiles
 p - 8 tomahawks (quivered)
Armour
 b - a +2 scale mail (worn)
 c - a +1 shield (worn)
Jewellery
 m - an uncursed ring of magical power
 q - an uncursed ring of resist corrosion
Wands
 j - a wand of paralysis (6/24)
Scrolls
 h - 3 scrolls of remove curse
 o - 4 scrolls of identify
 t - 2 scrolls of magic mapping
 v - a scroll of amnesia
Potions
 f - a potion of degeneration {unknown}
 g - a potion of lignification {unknown}
 k - a potion of haste {unknown}
 l - a potion of invisibility {unknown}
Books
 d - a book of Misfortune

   Spells                             Type                      Level
   a - Confusing Touch                Hexes                        1
   b - Confuse                        Hexes                        3
   c - Gell's Gravitas                Translocation                3
   d - Petrify                        Transmutation/Earth          4
   e - Metabolic Englaciation         Hexes/Ice                    5
   f - Yara's Violent Unravelling     Hexes/Transmutation          5
 n - a book of Minor Magic

   Spells                             Type                      Level
   a - Magic Dart                     Conjuration                  1
   b - Blink                          Translocation                2
   c - Call Imp                       Summoning                    2
   d - Slow                           Hexes                        2
   e - Conjure Flame                  Conjuration/Fire             3
   f - Mephitic Cloud                 Conjuration/Poison/Air       3
Comestibles
 i - 3 bread rations
 r - 7 fruits


   Skills:
 + Level 6.8 Fighting
 + Level 8.3 Short Blades
 + Level 0.8 Throwing
 + Level 6.6 Armour
 + Level 2.2 Dodging
 + Level 0.5 Stealth
 + Level 6.9 Shields


You had 4 spell levels left.
You knew the following spells:

 Your Spells              Type           Power        Failure   Level  Hunger
a - Confuse               Hex            #.......     100%        3    ####...
b - Magic Dart            Conj           #...         96%         1    ##.....


Dungeon Overview and Level Annotations

Branches:
Dungeon (7/15)             Temple (0/1) D:4

Altars:
Kikubaaqudgha
Zin

Shops:
D:4 !}[


Message History

a giant spiked club; a dire flail A leopard gecko comes into view.
The leopard gecko hisses angrily.
You block the leopard gecko's attack.
You hit the leopard gecko.
You kill the leopard gecko!
A jelly comes into view.
The jelly quivers.
The jelly hits you.
* * * LOW HITPOINT WARNING * * *
You are splashed with acid!
The acid burns!
* * * LOW HITPOINT WARNING * * *
You completely miss the jelly. The jelly closely misses you.
You puncture the jelly!
Your hands burn!
* * * LOW HITPOINT WARNING * * *
The jelly is heavily wounded.
The jelly hits you.
* * * LOW HITPOINT WARNING * * *
You are splashed with acid!
The acid burns!
You die...

### #.# #.#
##.######.##
........J.# #.
#.. #@#
#..#..#####.##
#..#..#......#
.............#
.............#
......#.######
...#.......#
.........#.#
#.........#.#


You could see a jelly.

Vanquished Creatures
  A two-headed ogre (D:7)
  Pikel (D:4)
  The ghost of Alfie the Skirmisher, an amateur HOFi (D:3)
  2 ice beasts
  An orc warrior (D:6)
  A slave (D:4)
  2 ogres (D:6)
  A phantom (D:3)
  A necrophage (D:6)
  A centaur (D:7)
  2 bullfrogs (D:6)
  2 crimson imps (D:6)
  A centaur zombie (D:5)
  A quasit (D:5)
  3 bullfrog skeletons
  A worker ant (D:4)
  A hound zombie (D:5)
  A howler monkey zombie (D:7)
  7 gnolls (D:5)
  7 adders
  An ooze (D:2)
  3 worms
  A dart slug (D:1)
  2 leopard geckos
  9 orcs
  5 bats
  4 giant cockroaches
  5 goblins
  13 hobgoblins
  15 jackals
  16 kobolds
  3 quokkas
  4 ball pythons
  A frilled lizard (D:1)
  7 rats
  2 rat zombies (D:7)
129 creatures vanquished.

Vanquished Creatures (others)
  A slave (D:4)
  An adder (D:4)
2 creatures vanquished.

Grand Total: 131 creatures vanquished

Notes
Turn   | Place    | Note
-------+----------+-------------------------------------------
     0 | D:1      | Alfie the Hill Orc Fighter began the quest for the Orb.
     0 | D:1      | Reached XP level 1. HP: 19/19 MP: 1/1
    93 | D:1      | Reached XP level 2. HP: 16/27 MP: 2/2
   351 | D:1      | Reached XP level 3. HP: 29/33 MP: 3/3
   672 | D:2      | Reached XP level 4. HP: 28/40 MP: 4/4
   979 | D:2      | Reached skill level 3 in Short Blades
  1459 | D:3      | Paralysed by an orc for 4 turns
  1541 | D:3      | Found a glowing silver altar of Zin.
  1654 | D:3      | Reached XP level 5. HP: 39/47 MP: 5/5
  1736 | D:3      | Noticed a phantom
  1760 | D:3      | Killed a phantom
  1760 | D:3      | Reached skill level 1 in Dodging
  1760 | D:3      | Reached XP level 6. HP: 19/53 MP: 6/6
  1802 | D:3      | Noticed Alfie's ghost (amateur HOFi)
  1818 | D:3      | Killed Alfie's ghost
  1818 | D:3      | Reached skill level 4 in Short Blades
  2222 | D:4      | Found Iloiroe Puupt's Antique Armour Shop.
  2514 | D:4      | Found Gef Xoth's Distillery.
  2532 | D:4      | Bought a potion of heal wounds for 70 gold pieces
  2573 | D:4      | Noticed Pikel
  2573 | D:4      | Noticed a slave
  2573 | D:4      | Noticed a slave
  2575 | D:4      | Noticed a slave
  2576 | D:4      | Noticed a slave
  2591 | D:4      | Killed a slave
  2629 | D:4      | Killed Pikel
  2629 | D:4      | Reached skill level 5 in Fighting
  2629 | D:4      | Reached skill level 5 in Short Blades
  2629 | D:4      | Reached skill level 5 in Armour
  2629 | D:4      | Reached skill level 5 in Shields
  2629 | D:4      | Reached XP level 7. HP: 17/61 MP: 7/7
  2629 | D:4      | Reached XP level 8. HP: 19/68 MP: 8/8
  2749 | D:4      | Found Qacvul's Gadget Shop.
  2819 | D:4      | Found a staircase to the Ecumenical Temple.
  2906 | D:5      | Entered Level 5 of the Dungeon
  3021 | D:5      | Reached skill level 6 in Short Blades
  3646 | D:6      | Reached skill level 7 in Short Blades
  3724 | D:6      | Reached XP level 9. HP: 73/75 MP: 9/9
  3735 | D:6      | Learned a level 3 spell: Confuse
  3737 | D:6      | Learned a level 1 spell: Magic Dart
  4020 | D:7      | Found an ancient bone altar of Kikubaaqudgha.
  4043 | D:7      | Noticed a two-headed ogre
  4061 | D:7      | HP: 3/78 [two-headed ogre/giant spiked club (16)]
  4064 | D:7      | Killed a two-headed ogre
  4064 | D:7      | Reached skill level 8 in Short Blades
  4094 | D:7      | Splashed by a jelly's acid

Skill      XL: |  1  2  3  4  5  6  7  8  9 |
---------------+----------------------------+-----
Fighting       | 4 5 6 |  6.8
Armour         | 4 5 6 |  6.6
Short Blades   | 3 5 7 8 |  8.3
Dodging        | 1 2 |  2.2
Shields        | 4 5 6 |  6.9
Throwing       | |  0.8
Stealth        | |  0.5

Action                   |  1- 3 |  4- 6 |  7- 9 || total
-------------------------+-------+-------+-------++-------
Melee: Rapier            |   115 |   281 |   216 ||   612
Throw: Tomahawk          |       |       |    12 ||    12
  Use: Scroll            |     1 |     9 |     7 ||    17
       Potion            |       |     2 |     6 ||     8
  Eat: Bread ration      |       |     1 |       ||     1
       Meat ration       |       |     1 |       ||     1
       Royal jelly       |       |       |     1 ||     1
       Fruit             |       |       |     1 ||     1
Armor: Scale mail        |    70 |    74 |    58 ||   202
Dodge: Dodged            |    33 |    57 |    71 ||   161
Block: Shield            |    60 |   128 |   103 ||   291
